 Dungeon Crawl Stone Soup version 0.29-a0-551-gffc1d7fb78 (webtiles) character file.

Game seed: 14447703621428627540

32783 porpoise the Fighter (level 13, 0/103 HPs)
             Began as a Demonspawn Necromancer on June 5, 2022.
             Was an Initiate of Yredelemnul.
             Slain by an eight-headed hydra (11 damage)
             ... on level 12 of the Dungeon.
             The game lasted 01:29:51 (21818 turns).

porpoise the Fighter (Demonspawn Necromancer)      Turns: 21818, Time: 01:29:51

Health: 0/103      AC: 17    Str: 10    XL:     13   Next: 33%
Magic:  32/32      EV: 12    Int: 19    God:    Yredelemnul [......]
Gold:   1308       SH:  7    Dex: 21    Spells: 18/26 levels left

rFire   . . .      SeeInvis .   a - +3 trident
rCold   . . .      Faith    +   h - +1 buckler
rNeg    . . .      Spirit   .   Y - +2 swamp dragon scales
rPois   +          Reflect  .   (helmet unavailable)
rElec   .          Harm     .   r - +0 cloak
rCorr   .          Rampage  .   X - +0 pair of gloves
Will    .....                   (no boots)
Stlth   ++++++....              d - amulet of faith
HPRegen 0.27/turn               m - +4 ring of protection
MPRegen 0.23/turn               B - ring of magical power

@: mighty
A: horns 3, thin skeletal structure 3, powered by pain 1, spiny 1
a: Renounce Religion, Recall Undead Harvest


You were on level 12 of the Dungeon.
You worshipped Yredelemnul.
Yredelemnul was aware of your devotion.
You visited 3 branches of the dungeon, and saw 18 of its levels.
You also visited: Ossuary.

You collected 1308 gold pieces.

Inventory:

Hand Weapons
 a - a +3 trident (weapon)
 b - a +0 hunting sling of flaming
Missiles
 V - 3 curare-tipped darts
Armour
 h - a +1 buckler (worn)
 r - a +0 cloak (worn)
 X - a +0 pair of gloves (worn)
 Y - +2 swamp dragon scales (worn)
Jewellery
 d - an amulet of faith (around neck)
 m - a +4 ring of protection (left hand)
 q - a ring of flight
 B - a ring of magical power (right hand)
 L - a ring of protection from fire
 O - a ring of ice
Wands
 y - a wand of mindburst (17)
 I - a wand of polymorph (27)
 P - a wand of digging (4)
 R - a wand of iceblast (5)
 S - a wand of flame (54)
Scrolls
 c - 5 scrolls of blinking
 e - a scroll of poison
 k - 13 scrolls of teleportation
 o - 3 scrolls of fog
 J - 2 scrolls of fear
 K - 7 scrolls of magic mapping
 Q - a scroll of vulnerability
 U - 3 scrolls of silence
Potions
 g - a potion of invisibility
 i - 4 potions of lignification
 j - a potion of might
 l - 3 potions of haste
 p - 7 potions of curing
 t - 3 potions of cancellation
 u - 5 potions of magic
 D - a potion of ambrosia
 E - 2 potions of heal wounds
Miscellaneous
 s - a tin of tremorstones (inert)
 N - a phial of floods (inert)


   Skills:
 + Level 10.2 Fighting
 - Level 2.0 Short Blades
 - Level 6.0 Polearms
 + Level 6.7 Armour
 - Level 5.0 Dodging
 - Level 5.0 Stealth
 - Level 5.0 Shields
 - Level 7.0 Spellcasting
 - Level 9.0 Necromancy
 - Level 9.0 Poison Magic
 + Level 8.6 Invocations
 - Level 5.0 Evocations


You had 18 spell levels left.
You knew the following spells:

 Your Spells              Type           Power      Damage    Failure   Level
a - Necrotize             Necr           100%       1d9       1%          1
o - Olgreb's Toxic Radia  Pois           40%        N/A       7%          4
v - Vampiric Draining     Necr           40%        2d8       2%          3

Your spell library contained the following spells:

 Spells                   Type           Power      Damage    Failure   Level
 Sting                    Tmut/Pois      92%        1d7       4%          1
 Poisonous Vapours        Pois/Air       46%        N/A       7%          2
 Agony                    Necr           40%        N/A       21%         5
 Mephitic Cloud           Conj/Pois/Air  18%        N/A       26%         3
 Magic Dart               Conj           24%        1d4       28%         1
 Slow                     Hex            24%        N/A       28%         1
 Call Imp                 Summ           6%         N/A       41%         2
 Confusing Touch          Hex            6%         N/A       65%         3
 Gell's Gravitas          Tloc           6%         N/A       65%         3
 Teleport Other           Tloc           6%         N/A       65%         3
 Tukima's Dance           Hex            6%         N/A       65%         3
 Passage of Golubria      Tloc           6%         N/A       96%         4
 Yara's Violent Unravell  Hex/Tmut       3%         3d4       100%        5
 Dispersal                Tloc           3%         N/A       100%        6
 Ozocubu's Refrigeration  Ice            3%         4d5       100%        7
 Ignition                 Fire           3%         3d4       100%        8
 Animate Dead             Necr           Unusable   N/A       N/A         4

Dungeon Overview and Level Annotations

Branches:
Dungeon (12/15)            Temple (1/1) D:5            Lair (5/6) D:10
  Swamp (0/4) Lair:4       Spider (0/4) Lair:3          Orc (0/2) D:12
Ossuary (visited)
  Slime: Lair:5-6

Altars:
Ashenzari
Fedhas
Gozag
Hepliaklqana
Kikubaaqudgha
Makhleb
Nemelex Xobeh
Okawaru
Qazlal
Ru
Sif Muna
Trog
Vehumet
Wu Jian
Xom
Yredelemnul
Zin
The Shining One

Portals:
Trove: D:11 (give +2 gold dragon scales)

Annotations:
D:2 Fly
Lair:2 2 transporters


Innate Abilities, Weirdness & Mutations

You have a pair of large horns on your head.
You have an unnaturally thin skeletal structure. (Dex +6, Stealth+++)
You sometimes gain a little power by taking damage.
You are partially covered in sharp spines.


Message History

The eight-headed hydra is struck by your spines.
The eight-headed hydra bites you but does no damage.
The eight-headed hydra closely misses you.
The eight-headed hydra bites you.
The eight-headed hydra bites you but does no damage. x2
The eight-headed hydra barely misses you.
The eight-headed hydra closely misses you. x2
There is a stone staircase leading up, spattered with blood here.
You feel very mighty all of a sudden.
You block the eight-headed hydra's attack. x2
The eight-headed hydra bites you!
The eight-headed hydra closely misses you. x2
The eight-headed hydra bites you!
The eight-headed hydra bites you but does no damage.
The eight-headed hydra bites you!
You impale the eight-headed hydra!!
The eight-headed hydra is moderately wounded.
The eight-headed hydra is struck by your spines.
The eight-headed hydra bites you but does no damage.
The eight-headed hydra misses you. The eight-headed hydra bites you!
The eight-headed hydra closely misses you.
The eight-headed hydra bites you. The eight-headed hydra bites you!
You block the eight-headed hydra's attack.
The eight-headed hydra bites you but does no damage.
You puncture the eight-headed hydra!
The eight-headed hydra is severely wounded.
The eight-headed hydra is struck by your spines.
The eight-headed hydra bites you!
* * * LOW HITPOINT WARNING * * *
The eight-headed hydra bites you but does no damage.
The eight-headed hydra bites you.
* * * LOW HITPOINT WARNING * * *
The eight-headed hydra bites you but does no damage. x2
The eight-headed hydra bites you.
* * * LOW HITPOINT WARNING * * *
The eight-headed hydra bites you.
* * * LOW HITPOINT WARNING * * *
The eight-headed hydra bites you!
You die...
Your body rises from the dead as a mindless zombie.

.....#### ##.#....#
........# #........
......... #........
........## ##........
........# .........
......## #####........
#[...## #....<.....##
#[....# #...........# .
#)#.@##########.##..#
.(..#D.#...# #)))# #
........'.8.# #)8)#
..........#..)## ##)))#
.....##...####)###'####
..... #...# ##..$##
.>... #...# #)>.# ....#
#))?## .....# #)###+#


You could see an eight-headed hydra.

Vanquished Creatures
  A hydra (Lair:4)
  Harold (D:9)
  3 two-headed ogres
  Nergalle (D:11)
  A deep elf pyromancer (D:12)
  The ghost of Spectrina the Mender, a novice MeMo of Elyvilon (D:7)
  4 elephants (Lair:3)
  A black mamba (Lair:5)
  3 cane toads
  2 komodo dragons
  A kobold demonologist (D:10)
  4 polar bears
  A troll (D:12)
  3 hornets
  5 blink frogs
  A dream sheep (Lair:5)
  2 shadows
  A wraith (D:10)
  27 yaks
  A wyvern (D:10)
  A basilisk (Lair:2)
  4 water moccasins
  2 hornet zombies (Ossuary)
  Duvessa (D:4)
  A black bear (D:5)
  An ice beast (D:5)
  5 orc warriors
  6 wolves
  An ogre (D:5)
  5 centaurs
  A phantom (D:6)
  2 kobold brigands
  7 bullfrogs
  2 scorpions
  A necrophage (D:4)
  A water moccasin zombie (Ossuary)
  3 wyvern zombies (Ossuary)
  2 wights (D:10)
  Dowan (D:4)
  5 killer bees (D:9)
  2 howler monkeys
  7 bullfrog zombies (Ossuary)
  4 centaur zombies (Ossuary)
  9 orc priests
  3 hounds
  Crazy Yiuf (D:2)
  9 orc wizards
  2 killer bee zombies (Ossuary)
  13 mummies (Ossuary)
  4 howler monkey zombies (Ossuary)
  7 adders
  A shadow imp (D:5)
  A white imp (D:5)
  2 ufetubi
  A worm (D:3)
  A dart slug (D:3)
  37 orcs
  3 endoplasms
  2 giant cockroaches (D:2)
  11 goblins
  9 hobgoblins
  5 jackals
  14 kobolds
  3 ball pythons
  3 bats
  5 frilled lizards
  2 rats
277 creatures vanquished.

Vanquished Creatures (collateral kills)
  An orb spider (Lair:3)
  An oklob plant (Lair:2)
  A cyclops (D:11)
  2 elephants (Lair:3)
  2 black mambas
  4 cane toads
  Maggie (D:9)
  3 komodo dragons
  A troll (D:11)
  8 blink frogs
  5 dream sheep (Lair:5)
  A wyvern (Lair:4)
  A shadow (D:10)
  3 basilisks
  21 yaks
  A steam dragon (D:9)
  A water moccasin (Lair:1)
  An orc warrior (D:8)
  4 wolves
  A centaur (D:9)
  A kobold brigand (D:9)
  3 bullfrogs
  A necrophage (D:5)
  2 wights (D:10)
  7 killer bees (D:9)
  2 electric eels (Lair:4)
  2 orc priests
  6 orcs
  A jackal (D:5)
88 creatures vanquished.

Vanquished Creatures (others)
  An orb spider zombie (Lair:3)
  2 black mamba zombies
  A yak (D:11)
  A cane toad zombie (Lair:2)
  An elf zombie (D:12)
  A blink frog zombie (Lair:3)
  A komodo dragon zombie (D:10)
  A water moccasin zombie (Lair:1)
  A polar bear zombie (Lair:5)
  9 yak zombies
  4 bullfrog zombies
  A basilisk zombie (Lair:4)
  2 centaur zombies (D:8)
  7 killer bee zombies (D:9)
  A hound zombie (D:5)
  A howler monkey zombie (D:5)
  An adder zombie (D:5)
  A spectral white imp (D:5)
  A kobold zombie (D:7)
  21 orc zombies
  42 fungi
  57 plants
  5 withered plants (Ossuary)
163 creatures vanquished.

Grand Total: 528 creatures vanquished

Notes
Turn   | Place    | Note
-------+----------+-------------------------------------------
     0 | D:1      | porpoise the Demonspawn Necromancer began the quest for the
                  | Orb.
     0 | D:1      | Reached XP level 1. HP: 13/13 MP: 3/3
   346 | D:1      | Gained mutation: You are partially covered in sharp spines.
                  | [demonic ancestry]
   346 | D:1      | Reached XP level 2. HP: 20/20 MP: 0/5
   412 | D:1      | Reached skill level 1 in Fighting
   707 | D:1      | Found a faded altar of an unknown god.
  1039 | D:2      | Found an opulent altar of Gozag.
  1164 | D:2      | Gained mutation: You have a somewhat thin skeletal
                  | structure. (Dex +2, Stealth+) [demonic ancestry]
  1164 | D:2      | Reached XP level 3. HP: 26/26 MP: 2/6
  1360 | D:2      | Identified the +6 long sword "Cublueph" {venom, Contam
                  | Str+3 Int+2}
  1545 | D:2      | Reached skill level 1 in Polearms
  1683 | D:2      | Learned a level 3 spell: Vampiric Draining
  1683 | D:2      | You fall into a shaft and drop 2 floors!
  1869 | D:2      | Found a runed translucent door.
  1870 | D:2      | Noticed Crazy Yiuf
  1882 | D:2      | Killed Crazy Yiuf
  1883 | D:2      | Gained mutation: You have a pair of small horns on your
                  | head. [demonic ancestry]
  1883 | D:2      | Reached XP level 4. HP: 5/33 MP: 2/7
  2755 | D:3      | Reached skill level 5 in Necromancy
  3159 | D:4      | Noticed a kobold brigand
  3176 | D:4      | Killed a kobold brigand
  3177 | D:4      | Reached skill level 2 in Fighting
  3177 | D:4      | Reached XP level 5. HP: 27/39 MP: 8/8
  3599 | D:4      | Noticed Dowan
  3601 | D:4      | Noticed Duvessa
  3615 | D:4      | Killed Duvessa
  3616 | D:4      | Reached XP level 6. HP: 23/46 MP: 9/9
  3618 | D:4      | Killed Dowan
  3619 | D:4      | Reached skill level 3 in Fighting
  4222 | D:5      | Entered Level 5 of the Dungeon
  4334 | D:5      | Found a staircase to the Ecumenical Temple.
  4351 | Temple   | Entered the Ecumenical Temple
  4397 | Temple   | Became a worshipper of Yredelemnul the Dark
  4614 | D:5      | Found a burning altar of Makhleb.
  4710 | D:5      | Reached * piety under Yredelemnul
  4710 | D:5      | Gained mutation: You sometimes gain a little power by
                  | taking damage. [demonic ancestry]
  4710 | D:5      | Reached XP level 7. HP: 52/53 MP: 10/10
  4778 | D:5      | Reached skill level 4 in Fighting
  4865 | D:5      | Reached ** piety under Yredelemnul
  4875 | D:5      | Reached skill level 5 in Stealth
  5077 | D:5      | Reached skill level 5 in Fighting
  5077 | D:5      | Gained mutation: You have a moderately thin skeletal
                  | structure. (Dex +4, Stealth++) [demonic ancestry]
  5077 | D:5      | Reached XP level 8. HP: 62/62 MP: 12/12
  5465 | D:6      | Found a sand-covered staircase.
  5682 | Ossuary  | Entered an ossuary
  5736 | Ossuary  | Reached skill level 6 in Fighting
  5945 | Ossuary  | Reached skill level 5 in Spellcasting
  5950 | Ossuary  | Learned a level 4 spell: Olgreb's Toxic Radiance
  6039 | Ossuary  | Reached skill level 7 in Fighting
  6049 | Ossuary  | Reached skill level 1 in Evocations
  6059 | Ossuary  | Reached skill level 1 in Shields
  6059 | Ossuary  | Reached skill level 1 in Invocations
  6063 | Ossuary  | Gained mutation: You have an unnaturally thin skeletal
                  | structure. (Dex +6, Stealth+++) [demonic ancestry]
  6063 | Ossuary  | Reached XP level 9. HP: 32/72 MP: 16/16
  7379 | D:7      | Found a shimmering blue altar of Sif Muna.
  7395 | D:7      | Found an ancient bone altar of Kikubaaqudgha.
  7401 | D:7      | Reached skill level 1 in Short Blades
  7411 | D:7      | Found a radiant altar of Vehumet.
  7652 | D:7      | Reached *** piety under Yredelemnul
  7664 | D:7      | Found a sacrificial altar of Ru.
  7664 | D:7      | Found an iron altar of Okawaru.
  7664 | D:7      | Found a bloodstained altar of Trog.
  7664 | D:7      | Found a hazy altar of Hepliaklqana.
  7899 | D:7      | Found a runed translucent door.
  7899 | D:7      | Noticed Spectrina's ghost (novice MeMo)
  7930 | D:7      | Killed Spectrina's ghost
  7931 | D:7      | Reached skill level 5 in Invocations
  8821 | D:8      | Found a sparkling altar of Nemelex Xobeh.
  8844 | D:8      | Found a broken altar of Ashenzari.
  9218 | D:8      | Noticed a two-headed ogre
  9238 | D:8      | Killed a two-headed ogre
  9239 | D:8      | Reached skill level 5 in Evocations
  9239 | D:8      | Reached XP level 10. HP: 30/79 MP: 17/17
  9518 | D:9      | Noticed a two-headed ogre
  9535 | D:9      | Killed a two-headed ogre
  9536 | D:9      | Reached skill level 5 in Shields
  9629 | D:9      | Noticed a two-headed ogre
  9637 | D:9      | Killed a two-headed ogre
 10039 | D:9      | Noticed Maggie
 10046 | D:9      | Reached skill level 8 in Fighting
 10049 | D:9      | Reached skill level 5 in Poison Magic
 10057 | D:9      | Killed Maggie
 10062 | D:9      | Noticed Harold
 10075 | D:9      | Killed Harold
 10076 | D:9      | Gained mutation: You have a pair of horns on your head.
                  | [demonic ancestry]
 10076 | D:9      | Reached XP level 11. HP: 10/87 MP: 18/18
 10084 | D:9      | Reached skill level 9 in Fighting
 10525 | D:10     | Entered Level 10 of the Dungeon
 10633 | D:10     | Found a staircase to the Lair.
 10995 | D:10     | Found a stormy altar of Qazlal.
 11190 | D:10     | Noticed a sixfirhy
 11604 | D:10     | Identified the +5 plate armour of the Harp {rPois rCorr
                  | Str+3}
 11676 | Lair:1   | Entered Level 1 of the Lair of Beasts
 13690 | D:11     | Found a portal to a secret trove of treasure.
 13734 | D:11     | Noticed Nergalle
 13749 | D:11     | Killed Nergalle
 15246 | D:12     | Found a staircase to the Orcish Mines.
 15258 | D:12     | Noticed a deep elf pyromancer
 15295 | D:12     | Killed a deep elf pyromancer
 15449 | D:12     | Noticed an eight-headed hydra
 15968 | Lair:1   | Upgraded the game from 0.29-a0-542-g075992c915 to
                  | 0.29-a0-551-gffc1d7fb78
 16046 | Lair:2   | Gained mutation: You have a pair of large horns on your
                  | head. [demonic ancestry]
 16046 | Lair:2   | Reached XP level 12. HP: 65/96 MP: 22/22
 16613 | Lair:2   | Reached **** piety under Yredelemnul
 16614 | Lair:2   | Reached ***** piety under Yredelemnul
 16777 | Lair:2   | Found a transporter.
 16947 | Lair:2   | Found a transporter.
 16953 | Lair:2   | Reached skill level 5 in Dodging
 17629 | Lair:3   | Reached skill level 5 in Polearms
 17832 | Lair:3   | Reached skill level 1 in Armour
 18358 | Lair:3   | Found a hole to the Spider Nest.
 19254 | Lair:4   | Reached XP level 13. HP: 93/101 MP: 23/23
 19417 | Lair:4   | Reached skill level 5 in Armour
 19737 | Lair:4   | Found a staircase to the Swamp.
 20883 | Lair:5   | Reached skill level 10 in Fighting
 20892 | Lair:5   | Reached ****** piety under Yredelemnul
 21818 | D:12     | Slain by an eight-headed hydra

Illustrated notes

Levels and vault maps discovered:
D:1:      sevenhm_arrival_forest_fort_small_3, layout_rooms,
          shapermc_ecumenical_altar_venn
D:2:      layout_loops_cross, basic_altar, minmay_goblin_outpost,
          uniq_crazy_yiuf_cottage
D:3:      layout_basic
D:4:      layout_basic, uniq_duvessa
D:5:      layout_loops_ring, makhleb_heckhound_becter,
          minmay_temple_entry_statues_fountains
D:6:      layout_cave_pods, nicolae_ossuary_entry_ruins,
          minmay_misc_feat_encased, minmay_misc_feat_secret_circle
D:7:      layout_basic, palyth_temple_overflow_mages,
          grunt_temple_overflow_cloverleaf, gammafunk_ghost_grave, hex_tiny
D:8:      layout_cave_pods, mainiacjoe_overflow_catch_the_wave,
          cheibrodos_ashenzari_chains, kennysheep_potato
D:9:      layout_basic, uniq_harold, uniq_maggie
D:10:     layout_long_grid, grunt_qazlal_clouds, david_lair_shrubbed,
          minmay_increasing_density
D:11:     layout_layer_cave, enter_trove_2, uniq_nergalle
D:12:     layout_cave_pools, hiddenorc2_lemuel,
          amcnicky_mini_rare_corridor_liquid, hex_medium, uniq_jorgrun
Temple:   dpeg_chambers_temple
Lair:1:   layout_hall_layers, serial_bayou_shore_b
Lair:2:   gammafunk_worm_tunnel, layout_regular_city, st_stairs_13,
          lemuel_oklob_altar
Lair:3:   layout_roguey, nicolae_spider_entry_orb_guardian,
          infiniplex_staircase_pool, grunt_megastairs_4
Lair:4:   layout_gridlike, swamp_mist, serial_bayou_lagoon_b
Lair:5:   layout_gridlike, lemuel_fruit_fields

Skill      XL: |  1  2  3  4  5  6  7  8  9 10 11 12 13 |
---------------+----------------------------------------+-----
Stealth        | 2 3 4 5 |  5.0
Fighting       | 1 2 3 5 7 8 9 10 | 10.2
Polearms       | 1 2 3 6 |  6.0
Necromancy     | 5 6 7 9 |  9.0
Spellcasting   | 5 7 |  7.0
Evocations     | 1 5 |  5.0
Shields        | 1 4 5 |  5.0
Invocations    | 1 6 7 8 |  8.6
Short Blades   | 2 |  2.0
Poison Magic   | 6 7 9 |  9.0
Dodging        | 3 5 |  5.0
Armour         | 4 6 |  6.7

Action                   |  1- 3 |  4- 6 |  7- 9 | 10-12 | 13-15 || total
-------------------------+-------+-------+-------+-------+-------++-------
Melee: Mace              |    20 |       |       |       |       ||    20
       Spear             |    11 |       |    10 |     1 |       ||    22
       Short sword       |    28 |       |   260 |   126 |       ||   414
       Dagger            |       |    48 |   118 |   110 |       ||   276
       Headbutt          |       |    10 |   107 |   108 |    19 ||   244
       Trident           |       |       |       |   200 |    82 ||   282
 Fire: Hunting sling     |       |    40 |    38 |    49 |     7 ||   134
 Cast: Necrotize         |    30 |    12 |       |       |       ||    42
       Vampiric Draining |       |     1 |       |     5 |       ||     6
Invok: Dark Bargain      |       |       |     3 |    10 |     2 ||    15
       Recall Undead Har |       |       |     1 |     1 |       ||     2
       Drain Life        |       |       |       |     1 |       ||     1
Evoke: Wand              |       |       |       |    10 |     1 ||    11
       Tin of tremorston |       |       |       |     3 |       ||     3
       Phial of floods   |       |       |       |     2 |       ||     2
  Use: Scroll            |       |     5 |    14 |     8 |       ||    27
       Potion            |       |     1 |       |     8 |     2 ||    11
 Stab: Sleeping          |     4 |     1 |     3 |     3 |     1 ||    12
       Distracted        |       |       |     3 |    11 |     3 ||    17
Armor: Robe              |    11 |    23 |    87 |    16 |       ||   137
       Swamp dragon scal |       |       |       |   151 |    59 ||   210
Dodge: Dodged            |    38 |    32 |   149 |   182 |    68 ||   469
Block: Buckler           |     7 |     4 |    85 |   154 |    42 ||   292

Table legend: (Time is in decaauts)
 A = Elapsed time spent in this place.
 B = Non-inter-level travel time spent in this place.
 C = Inter-level travel time spent in this place.
 D = Time resting spent in this place.
 E = Time spent auto-exploring this place.
 F = Levels seen in this place.
 G = Mean time per level.
                   A        B        C        D        E       F      G
               +--------+--------+--------+--------+--------+-----+--------+
         Total |  21748 |  20793 |    955 |   6336 |  10956 |  19 | 1144.6 |
       Dungeon |  13831 |  13255 |    576 |   4333 |   6882 |  12 | 1152.6 |
        Temple |     90 |     58 |     32 |      0 |     43 |   1 |   90.0 |
          Lair |   7021 |   6674 |    347 |   1614 |   4012 |   5 | 1404.2 |
       Ossuary |    805 |    805 |      0 |    389 |     19 |   1 |  805.0 |
               +--------+--------+--------+--------+--------+-----+--------+

Top non-repeatable levels by time:
    D:11: 2221 daAuts
    D:10: 1770 daAuts
  Lair:3: 1643 daAuts
  Lair:2: 1630 daAuts
  Lair:4: 1343 daAuts
  Lair:1: 1310 daAuts
     D:2: 1300 daAuts
     D:4: 1221 daAuts
     D:5: 1120 daAuts
  Lair:5: 1094 daAuts
     D:6: 1088 daAuts
     D:9: 1067 daAuts
     D:8: 1066 daAuts
     D:7: 1057 daAuts
     D:1: 954 daAuts
